 Dungeon Crawl Stone Soup version 0.23-a0-650-ga4d50d4 (webtiles) character file.

45 zishaf the Poker (level 3, 0/28 HPs)
             Began as a Merfolk Gladiator on Jan 5, 2019.
             Slain by a killer bee zombie (3 damage)
             ... on level 2 of the Dungeon.
             The game lasted 00:01:58 (1246 turns).

zishaf the Poker (Merfolk Gladiator)                Turns: 1246, Time: 00:01:59

Health: 0/28       AC:  6    Str: 15    XL:     3   Next: 64%
Magic:  3/3        EV: 13    Int:  7    God:
Gold:   49         SH:  0    Dex: 15    Spells: 2/2 levels left

rFire    . . .     SeeInvis .   a - +0 trident
rCold    . . .     Gourm    .   (no shield)
rNeg     . . .     Faith    .   g - +0 ring mail
rPois    .         Spirit   .   c - +0 helmet
rElec    .         Reflect  .   (no cloak)
rCorr    .         Harm     .   (no gloves)
MR       .....                  (no boots)
Stlth    +.........             (no amulet)
HPRegen  0.09/turn              (no ring)
MPRegen  0.08/turn              (no ring)

@: no status effects
A: change form in water, swift swim, stealthy swim
a: no special abilities


You were on level 2 of the Dungeon.
You were not hungry.

You visited 1 branch of the dungeon, and saw 2 of its levels.

You collected 49 gold pieces.

Inventory:

Hand Weapons
 a - a +0 trident (weapon)
 b - a +0 hunting sling
Missiles
 d - 3 throwing nets {!f}
 e - 49 stones (quivered)
Armour
 c - a +0 helmet (worn)
 g - a +0 ring mail (worn)
Scrolls
 l - 2 scrolls of identify {unknown}
Potions
 h - 2 potions of degeneration {unknown}
 j - a potion of ambrosia {unknown}
 k - 3 potions of curing {unknown}
 m - a potion of might {unknown}
Comestibles
 f - 3 rations
 i - 3 chunks of flesh


   Skills:
 + Level 2.8 Fighting
 * Level 5.6 Polearms
 - Level 2.0 Throwing
 + Level 0.0 Armour
 + Level 4.5 Dodging


You had 2 spell levels left.
You didn't know any spells.
Your spell library was empty.

Dungeon Overview and Level Annotations

Branches:
Dungeon (2/15)

Altars:


Message History

You closely miss the killer bee zombie.
The killer bee zombie is lightly damaged.
The killer bee zombie hits you.
* * * LOW HITPOINT WARNING * * *
The killer bee zombie hits you.
* * * LOW HITPOINT WARNING * * *
You hit the killer bee zombie.
The killer bee zombie is moderately damaged.
The killer bee zombie barely misses you.
The killer bee zombie closely misses you.
The killer bee zombie completely misses you.
The killer bee zombie barely misses you.
The killer bee zombie barely misses you.
You see here a leopard gecko skeleton.
The killer bee zombie closely misses you.
The killer bee zombie misses you.
The killer bee zombie completely misses you.
The killer bee zombie hits you but does no damage.
The killer bee zombie hits you.
You die...

#..w..w..#
##.#####.....# #รท#
..?....#
##.####.......#
#..........(..#
#>g###....#...#
#..###..(...((#
#.)Z# ... <.# #.#@#
.. #.#.##.# #).....#
####.######. ####
####......#....
#...##.......#......
.....#.##.#..#...##.
."........#.........
.....#.#..#.##......


You could see a killer bee zombie and a goblin.

Vanquished Creatures
  3 dart slugs (D:1)
  5 leopard geckos
  7 hobgoblins
  4 jackals (D:1)
  3 bats
  A frilled lizard (D:1)
  4 goblins
  2 kobolds
  3 rats
32 creatures vanquished.

Notes
Turn   | Place    | Note
-------+----------+-------------------------------------------
     0 | D:1      | zishaf the Merfolk Gladiator began the quest for the Orb.
     0 | D:1      | Reached XP level 1. HP: 16/16 MP: 1/1
    66 | D:1      | Reached XP level 2. HP: 23/23 MP: 2/2
   132 | D:1      | Reached skill level 5 in Polearms
   383 | D:1      | Reached XP level 3. HP: 16/28 MP: 3/3
  1246 | D:2      | Slain by a killer bee zombie

Vault maps used:
D:1:      lightli_arrival_quake, serial_rivers, chequers_serial_rivers_micro_b,
          chequers_serial_rivers_large_a, chequers_serial_rivers_micro_b,
          chequers_serial_rivers_micro_e, chequers_serial_rivers_micro_c,
          chequers_serial_rivers_micro_e, kennysheep_another_room
D:2:      fedhas_altar_2

Skill      XL: |  1  2 |
---------------+-------+-----
Polearms       | 5 |  5.6
Fighting       | |  2.8
Throwing       | |  2.0
Dodging        | |  4.5

Action                   || total
-------------------------++-------
Melee: Trident           ||    60
 Fire: Hunting sling     ||    38
  Eat: Chunk             ||     1
Armor: Leather armour    ||    13
       Ring mail         ||     6
Dodge: Dodged            ||    48

Table legend:
 A = Non-vault XP
 B = Vault XP
 C = Vault XP percentage of total XP
 D = Non-vault monster count
 E = Vault monster count
 F = Vault count percentage of total count
                 A         B        C        D         E       F
            +---------+---------+-------+---------+---------+-------
      Total |      65 |       0 |   0.0 |      32 |       0 |   0.0
            +---------+---------+-------+---------+---------+-------
        D:1 |      50 |       0 |   0.0 |      24 |       0 |   0.0
        D:2 |      15 |       0 |   0.0 |       8 |       0 |   0.0
            +---------+---------+-------+---------+---------+-------
